 Dungeon Crawl Stone Soup version 0.26.1-2-gb8aa6d0cf2 (webtiles) character file.

Game seed: 17450111865207030110

26 Gadfly the Skirmisher (level 3, -1/39 HPs)
             Began as an Ogre Monk on Feb 13, 2021.
             Slain by a kobold (2 damage)
             ... on level 2 of the Dungeon.
             The game lasted 00:02:16 (1711 turns).

Gadfly the Skirmisher (Ogre Monk)                   Turns: 1711, Time: 00:02:16

Health: -1/39      AC:  3    Str: 16    XL:     3   Next: 8%
Magic:  3/3        EV: 10    Int: 11    God:
Gold:   97         SH:  0    Dex: 11    Spells: 2/2 levels left

rFire    . . .     SeeInvis .   a - +0 mace
rCold    . . .     Faith    .   (no shield)
rNeg     . . .     Spirit   .   b - +0 robe
rPois    .         Reflect  .   (helmet restricted)
rElec    .         Harm     .   d - scarf {repulsion}
rCorr    .         Rampage  .   (gloves unavailable)
Will     .....                  (boots unavailable)
Stlth    ++........             (no amulet)
HPRegen  0.13/turn              (no ring)
MPRegen  0.08/turn              (no ring)

@: repel missiles
A: large, unfitting armour, tough skin 1
a: no special abilities


You were on level 2 of the Dungeon.
You visited 1 branch of the dungeon, and saw 2 of its levels.

You collected 97 gold pieces.

Inventory:

Hand Weapons
 a - a +0 mace (weapon)
Missiles
 h - 12 stones (quivered)
Armour
 b - a +0 robe (worn)
 d - a scarf of repulsion (worn)
Potions
 c - a potion of cancellation {unknown}


   Skills:
 - Level 4.0 Fighting
 + Level 2.8 Maces & Flails
 * Level 1.0 Throwing
 * Level 0.7 Armour
 - Level 2.6 Dodging
 - Level 1.4 Stealth
 * Level 1.0 Invocations
 * Level 0.9 Evocations


You had 2 spell levels left.
You didn't know any spells.
Your spell library was empty.

Dungeon Overview and Level Annotations

Branches:
Dungeon (2/15)

Altars:


Innate Abilities, Weirdness & Mutations

You are too large for most types of armour.
You have tough skin. (AC +1)


Message History

a +0 dagger; a goblin corpse You barely miss the kobold.
The kobold closely misses you.
You closely miss the kobold. The kobold hits you but does no damage.
You hit the kobold.
The kobold is heavily wounded.
The kobold barely misses you. The kobold hits you but does no damage.
You hit the kobold but do no damage.
The kobold is heavily wounded.
The kobold misses you.
You hit the kobold but do no damage.
The kobold is heavily wounded.
The kobold hits you.
* * * LOW HITPOINT WARNING * * *
You barely miss the kobold.
The kobold is heavily wounded.
The kobold hits you but does no damage. The kobold barely misses you.
You hit the kobold.
The kobold is severely wounded.
The kobold hits you.
You die...

..# ###.#####.# ..
#####.#.#P# #.#######. ###
##..#.#PP##............
#..P#.#P..#..####.#..# .
#######.#...#.#####.#..#..
........#...#...........#.
#########...#.............
#P.P...bP.####K......(#
##...PPP.## #@##.####<.
....P.P.P# #.# .#
#######..P# #.# .#
......#...# #.# ..
.#####.#...# ..# ## #.#
.(# ###


You could see a kobold.

Vanquished Creatures
  5 bats
  6 goblins
  4 hobgoblins
  A ball python (D:1)
  3 frilled lizards
  4 kobolds
  2 rats (D:1)
25 creatures vanquished.

Notes
Turn   | Place    | Note
-------+----------+-------------------------------------------
     0 | D:1      | Gadfly the Ogre Monk began the quest for the Orb.
     0 | D:1      | Reached XP level 1. HP: 24/24 MP: 1/1
   611 | D:1      | Reached XP level 2. HP: 31/32 MP: 2/2
  1526 | D:2      | Reached skill level 1 in Throwing
  1539 | D:2      | Reached skill level 1 in Invocations
  1580 | D:2      | Reached XP level 3. HP: 39/39 MP: 3/3
  1704 | D:2      | HP: 1/39 [kobold (4)]
  1709 | D:2      | HP: 1/39 [kobold (1)]
  1711 | D:2      | Slain by a kobold

Illustrated notes

Levels and vault maps discovered:
D:1:      kilobyte_arrival_exit_the_forest, layout_loops_ring,
          chequers_big_river
D:2:      layout_loops_ring, serial_aquarium, aquarium_bridge_square
          [aquarium_subvault_bridge, aquarium_subvault_wall,
          aquarium_subvault_window, aquarium_subvault_window],
          aquarium_bridge_long_separate [aquarium_subvault_wall,
          aquarium_subvault_bridge, aquarium_subvault_bridge,
          aquarium_subvault_window, aquarium_subvault_bridge,
          aquarium_subvault_bridge], aquarium_window_fake, aquarium_window_fake,
          aquarium_view_2b, aquarium_pool_side

Skill      XL: |  1  2 |
---------------+-------+-----
Throwing       | 1 |  1.0
Invocations    | 1 |  1.0
Fighting       | |  4.0
Maces & Flails | |  2.8
Armour         | |  0.7
Dodging        | |  2.6
Stealth        | |  1.4
Evocations     | |  0.9

Action                   || total
-------------------------++-------
Melee: Mace              ||   103
Throw: Stone             ||     5
  Use: Scroll            ||     3
       Potion            ||     1
 Stab: Sleeping          ||     3
Armor: Robe              ||    33
Dodge: Dodged            ||    58
